 Dungeon Sprint DCSS version 0.22.1-1-ga44c0e5 (console) character file.

30 erker the Cleaver (level 3, -1/34 HPs)
             Began as a Minotaur Fighter on Oct 5, 2018.
             Was a Follower of Makhleb.
             Slain by a sixfirhy (12 damage)
             ... in the Dungeon (Sprint V: "Ziggurat Sprint").
             The game lasted 00:05:53 (103 turns).

erker the Cleaver (Minotaur Fighter)                 Turns: 103, Time: 00:05:53

Health: -1/34      AC:  7    Str: 27    XL:     3   Next: 5%
Magic:  2/2        EV: 10    Int:  5    God:    Makhleb [*.....]
Gold:   0          SH:  8    Dex: 15    Spells: 2/2 levels left

rFire    . . .     SeeInvis +   J - +14 obsidian axe {chop, +Fly SInv *Curse} (curse)
rCold    . . .     Gourm    .   m - +3 buckler
rNeg     . . .     Faith    .   b - +0 scale mail
rPois    .         Spirit   .   (helmet restricted)
rElec    .         Reflect  .   (no cloak)
rCorr    .         Harm     .   (no gloves)
MR       .....     NoTele   +   (no boots)
Stlth    ..........             (no amulet)
HPRegen  0.11/turn              H - +6 ring of strength
MPRegen  0.08/turn              E - +6 ring of dexterity

@: mesmerised
A: retaliatory headbutt, horns 2
a: Renounce Religion, Evoke Flight


You were in the Dungeon.
You worshipped Makhleb.
Makhleb was aware of your devotion.
You were not hungry.

You visited 1 branch

Inventory:

Hand Weapons
 J - the cursed +14 obsidian axe (weapon) {chop, +Fly SInv *Curse}
   (You found it in the Dungeon)

   It inflicts extra damage upon your enemies.
   It lets you see invisible.
   It lets you fly.
   It curses itself when equipped.
   It has a curse placed upon it.
Armour
 b - a +0 scale mail (worn)
 l - +5 gold dragon scales
 m - a +3 buckler (worn)
 n - a +3 large shield
 o - a +3 shield
 K - the +15 Maxwell's patent armour {-Cast -Tele rElec MR+ rCorr}
   (You found it in the Dungeon)

   It insulates you from electricity.
   It affects your resistance to hostile enchantments.
   It prevents spellcasting.
   It prevents most forms of teleportation.
   It provides partial protection from all sources of acid and corrosion.
Jewellery
 D - a +6 ring of dexterity
 E - a +6 ring of dexterity (right hand)
 F - a +6 ring of intelligence
 G - a +6 ring of intelligence
 H - a +6 ring of strength (left hand)
 I - a +6 ring of strength
Wands
 y - a wand of disintegration (7)
 B - a wand of iceblast (7)
 C - a wand of acid (7)
Scrolls
 k - 4 scrolls of blinking
 p - 4 scrolls of amnesia
 q - 7 scrolls of fog
 r - a scroll of holy word
 s - 5 scrolls of identify
 t - 5 scrolls of remove curse
 u - 2 scrolls of fear
Potions
 d - 7 potions of might
 e - 10 potions of curing
 g - 10 potions of heal wounds
 h - 6 potions of haste
 i - 7 potions of magic
 j - 3 potions of berserk rage
 v - 2 potions of brilliance
 w - 2 potions of invisibility
 x - 4 potions of resistance
 A - 5 potions of agility
Miscellaneous
 L - a lightning rod (4/4)
Comestibles
 f - 7 rations


   Skills:
 + Level 4.3 Fighting
 + Level 9.3 Axes
 + Level 4.2 Armour
 + Level 4.3 Shields


You had 2 spell levels left.
You didn't know any spells.
Your spell library contained the following spells:

 Spells                   Type           Power        Failure   Level  Hunger
 Recall                   Summ/Tloc      N/A          98%         3    ####...
 Animate Dead             Necr           N/A          100%        4    #####..
 Borgnjor's Vile Clutch   Necr/Erth      #.........   100%        5    ######.
 Death Channel            Necr           #.........   100%        6    #######
 Simulacrum               Ice/Necr       #.........   100%        6    #######


Dungeon Overview and Level Annotations

Branches:
Dungeon (1/1)

Altars:
Ashenzari
Cheibriados
Dithmenos
Elyvilon
Fedhas
Gozag
Hepliaklqana
Kikubaaqudgha
Makhleb
Nemelex Xobeh
Okawaru
Qazlal
Ru
Sif Muna
Trog
Uskayaw
Vehumet
Wu Jian
Xom
Yredelemnul
Zin
The Shining One
Beogh
Jiyva
Lugonu

Annotations:
D 1 transporter


Innate Abilities, Weirdness & Mutations

You reflexively headbutt those who attack you in melee.
You have a pair of horns on your head.


Message History

Unknown command.
Unknown command.
There is a transporter here.
Welcome to arena 3.
You enter the transporter and appear at another place.
A crimson imp, an iron imp, a shadow imp and a sixfirhy come into view.
Visions of slaying the sixfirhy flood into your mind.
The iron imp shouts, "Remove thy stench, thou goatish two-tin-hat snaffler!"
The shadow imp shouts, "Accept thy failure, thou frothy ruttish clotpole!"
The crimson imp shouts!
The crimson imp picks up a +0 flail of protection.
The crimson imp wields a +0 flail of protection.
Found three items.
Found a transporter.
The sixfirhy hits you! The sixfirhy shocks you!
The iron imp shouts, "Take thy face hence, thou spongy ditch-delivered mammet!"
You slash the sixfirhy!
The sixfirhy is heavily wounded.
You block the sixfirhy's attack. x3; The sixfirhy hits you.
The sixfirhy shocks you!
You die...

▓▓▓▓▓▓▓▓▓▓▓▓▓▓▓▓▓▓▓
▓.8©8.▓.8©8.▓.8©8.▓
▓.[=..▓.[...▓.....▓
▓..5..▓.....▓.).).▓
▓.55..▓..†..▓.....▓
▓..3..▓.....▓..†..▓
▓..@..▓.....▓..©..▓
▓..©..▓..©..▓▓▓▓▓▓▓
▓▓▓▓▓▓▓▓▓▓▓▓▓


You could see a sixfirhy, an iron imp, a crimson imp and a shadow imp.

Vanquished Creatures
  2 adders (D)
  3 ball pythons (D)
5 creatures vanquished.

Notes
Turn   | Place    | Note
-------+----------+-------------------------------------------
     0 | D        | Found the +6 Majin-Bo {vamp, Archmagi MP+6 Int+6}
     0 | D        | Found the +7 great mace "Firestarter" {inner flame, rF++}
     0 | D        | erker the Minotaur Fighter began the quest for the Orb.
     0 | D        | Reached XP level 1. HP: 19/19 MP: 0/0
     3 | D        | Found a blossoming altar of Fedhas.
    16 | D        | Found a viscous altar of Jiyva.
    16 | D        | Found a hazy altar of Hepliaklqana.
    16 | D        | Found a transporter.
    16 | D        | Found an opulent altar of Gozag.
    16 | D        | Found an ancient bone altar of Kikubaaqudgha.
    16 | D        | Found a corrupted altar of Lugonu.
    26 | D        | Found a burning altar of Makhleb.
    27 | D        | Found an iron altar of Okawaru.
    27 | D        | Found a stormy altar of Qazlal.
    27 | D        | Found a sparkling altar of Nemelex Xobeh.
    27 | D        | Found a sacrificial altar of Ru.
    27 | D        | Found a deep blue altar of Sif Muna.
    28 | D        | Found a bloodstained altar of Trog.
    49 | D        | Found the +9 heavy crossbow "Sniper" {velocity, Acc+∞ SInv}
    49 | D        | Found the +10 dark maul {crush}
    49 | D        | Found the +15 Maxwell's patent armour {-Cast -Tele rElec
                  | MR+ rCorr}
    49 | D        | Found the +18 shield of the Gong {rElec rN+ MR+ EV-5}
    49 | D        | Found the cursed +14 obsidian axe {chop, +Fly SInv *Curse}
    51 | D        | Found the +6 shillelagh "Devastator" {shatter}
    51 | D        | Found the +11 plutonium sword {*Contam Stlth-}
    51 | D        | Found the +8 lance "Wyrmbane" {slay drac, rPois rF+ rC+
                  | AC+3}
    51 | D        | Found the +9 sword of Zonguldrok {reap}
    51 | D        | Found the cursed +13 scythe of Curses {drain, *Curse}
    51 | D        | Found the +0 sword of Power
    51 | D        | Found the +7 mace of Variability {chain chaos}
    51 | D        | Found the +7 Singing Sword
    51 | D        | Found the +7 longbow "Piercer" {penet, EV-2}
    62 | D        | Became a worshipper of Makhleb the Destroyer
    63 | D        | Reached skill level 9 in Axes
    63 | D        | Reached XP level 2. HP: 26/26 MP: 1/1
    74 | D        | Entered arena 2.
    74 | D        | Found a transporter.
    86 | D        | Entered arena 3.
    86 | D        | Found a transporter.
    88 | D        | Reached * piety under Makhleb
    90 | D        | Reached XP level 3. HP: 32/33 MP: 2/2
   101 | D        | Entered arena 4.
   101 | D        | Noticed a sixfirhy
   101 | D        | Found a transporter.
   103 | D        | Slain by a sixfirhy

Skill      XL: |  1  2 |
---------------+-------+-----
Axes           | 9 |  9.3
Fighting       | 4 |  4.3
Armour         | 4 |  4.2
Shields        | 4 |  4.3

Action                   || total
-------------------------++-------
Melee: Broad axe         ||     5
  Use: Potion            ||     1
Armor: Scale mail        ||     3
Dodge: Dodged            ||     3
Block: Buckler           ||     6
